 Dungeon Crawl Stone Soup version 0.31-a0-940-gdaa99269f9 (webtiles) character file.

Game seed: 10620624277142315590

47 kae the Vexing (level 3, 0/26 HPs)
             Began as a Demonspawn Enchanter on Oct 20, 2023.
             Succumbed to a gnoll's poison
             ... on level 1 of the Dungeon.
             The game lasted 00:01:03 (1252 turns).

kae the Vexing (Demonspawn Enchanter)               Turns: 1252, Time: 00:01:03

Health: 0/26       AC:  4    Str:  8    XL:     3   Next: 48%
Magic:  11/15      EV: 14    Int: 18    God:
Gold:   81         SH:  2    Dex: 13    Spells: 1/6 levels left

rFire   . . .        a - +1 dagger
rCold   . . .        (no shield)
rNeg    . . .        b - +0 robe
rPois   .            (no helmet)
rElec   .            (no cloak)
rCorr   .            (no gloves)
SInv    .            (no boots)
Will    .....        g - amulet of regeneration
Stlth   ++           p - ring of the Octopus King {HP+2 MP+9 AC+2 EV+2 SH+2}
HPRegen 1.04/turn    (no ring)
MPRegen 0.14/turn

%: no passive effects
@: lethally poisoned (0 -> -1), very slightly contaminated
A: claws 2
a: no special abilities


You were on level 1 of the Dungeon.
You visited 1 branch of the dungeon, and saw 2 of its levels.

You collected 81 gold pieces.


Innate Abilities, Weirdness & Mutations

You have very sharp fingernails.


   Skills:
 * Level 1.8 Short Blades
 - Level 1.7 Dodging
 + Level 3.0 Stealth
 + Level 2.2 Spellcasting
 * Level 3.5 Hexes
 + Level 0.3 Ice Magic


You had one spell level left.
You knew the following spells:

 Your Spells              Type           Power      Damage    Failure   Level
a - Ensorcelled Hibernat  Hex/Ice        18%        N/A       12%         2
b - Confusing Touch       Hex            14%        N/A       12%         3

Your spell library contained the following spells:

 Spells                   Type           Power      Damage    Failure   Level
 Tukima's Dance           Hex            14%        N/A       12%         3
 Dazzling Flash           Conj/Hex       16%        N/A       26%         3

Inventory:

Hand Weapons
 a - a +1 dagger (weapon)
Missiles
 d - 6 javelins
 f - 14 stones
 i - 2 throwing nets {=f!f}
 j - 5 poisoned darts
Armour
 b - a +0 robe (worn)
Jewellery
 g - an amulet of regeneration (around neck)
   (You found it on level 1 of the Dungeon)
 p - a ring of the Octopus King (left claw) {HP+2 MP+9 AC+2 EV+2 SH+2}
   (You found it on level 2 of the Dungeon)

   [ring of magical power]

   AC+2:      It affects your AC (+2).
   EV+2:      It affects your evasion (+2).
   HP+2:      It affects your health (+2).
   MP+9:      It affects your magic capacity (+9).
   SH+2:      It affects your SH (+2).
 P - a ring of poison resistance
   (You found it on level 2 of the Dungeon)
Scrolls
 e - 3 scrolls of identify {unknown}
 h - a scroll of vulnerability {unknown}
 k - a scroll of enchant armour {unknown}
 l - a scroll of fog {unknown}
 m - a scroll of revelation {unknown}
 n - a scroll of noise {unknown}
 o - a scroll of teleportation {unknown}
 q - a scroll of immolation {unknown}
Potions
 c - 2 potions of invisibility

Dungeon Overview and Level Annotations

Branches:
Dungeon (2/15) Zot: 10757

Altars:

#.##..# ##.....#####.##.####
#.##..# #....## #.##.# #.##..#
#.#.## #.##.#
##.##..########.#.#######.##.####
..........................##.....
.####.#####.####.################
.# #.# ##.####.# .# #.# #.....#.#
########### .# #.####..##.#@# #โ€
)........ .# #...รท..>....)#
#.######### )# ######..##.### #.#
.# #..##.# #.# .# #..##.# #.#
.#########..##.# #.#
.......>....##.########.#
...........###..........#
############ ############


There were no monsters in sight!


Message History

A frilled lizard comes into view.
The frilled lizard hisses angrily.
The frilled lizard closely misses you.
You closely miss the frilled lizard. You miss the frilled lizard.
The frilled lizard closely misses you.
You barely miss the frilled lizard.
The frilled lizard bites you but does no damage.
You closely miss the frilled lizard. The frilled lizard barely misses you.
You closely miss the frilled lizard. The frilled lizard bites you.
You barely miss the frilled lizard. The frilled lizard barely misses you.
You hit the frilled lizard.
You kill the frilled lizard!
Your Stealth skill increases to level 3!
No target in view!
No target in view!
No target in view!
p - a ring of the Octopus King {HP+2 MP+9 AC+2 EV+2 SH+2} You feel your magic capacity increase.
p - a ring of the Octopus King (left claw) {HP+2 MP+9 AC+2 EV+2 SH+2} You now have 26 max hp (+2).
Okay, then.
Key pressed, stopping explore.
Unknown command. ๐Ÿ˜Ž HP[+2] MP[+1]
Your hp is fully restored (26).
You now have 64 gold pieces (gained 3).
P - a ring of poison resistance ๐Ÿ˜Ž MP[+8]
Your mp is fully restored (15).
q - a scroll labelled ADUASE VU ELUO You now have 81 gold pieces (gained 17).
Found a stone staircase leading up.
A rat, a gnoll and a frilled lizard come into view.
The gnoll is wielding a +1 spear of venom.
The gnoll shouts!
You hear a shout!
There are monsters nearby!
There are monsters nearby!
A gnoll comes into view. It is wielding a +0 club.
There is a stone staircase leading up here.
The gnoll attacks as it pursues you!
The gnoll hits you from afar with a +1 spear of venom. ๐Ÿ˜• HP[-3]
You take 3 damage, and now have 23/26 hp.
The gnoll hits you with a +1 spear of venom.
You are poisoned.
There is a stone staircase leading up here.
You feel very sick.
The gnoll hits you with a +1 spear of venom!
* * * LOW HITPOINT WARNING * * *
You are lethally poisoned!
You climb upwards.
* * * LOW HITPOINT WARNING * * *
You feel extremely sick.
There is a stone staircase leading down here. ๐Ÿ˜จ HP[-16]
You take 16 damage, and now have 7/26 hp.
MASSIVE DAMAGE!! (PAUSE)
Casting: Ensorcelled Hibernation (safe; 13% risk of failure)
Confirm with . or Enter, or press ? or * to list all spells.
Aiming: Ensorcelled Hibernation (safe; 13% risk of failure)
Press: ? - help, Shift-Dir - straight line, f - gnoll
Aim: a gnoll, wielding a +1 spear of venom (chance to affect: 50%)
You miscast Ensorcelled Hibernation.
You are very lightly contaminated with residual magic.
Nothing appears to happen.
* * * LOW HITPOINT WARNING * * *
You feel very sick.
The gnoll closely misses you. ๐Ÿ˜ฑ HP[-2] MP[-2]
You take 2 damage, and now have 5/26 hp.
You lost 2 mp, and now have 13/15 mp.
Okay, then.
Casting: Ensorcelled Hibernation (safe; 13% risk of failure)
Confirm with . or Enter, or press ? or * to list all spells.
Aiming: Ensorcelled Hibernation (safe; 13% risk of failure)
Press: ? - help, Shift-Dir - straight line, f/p - gnoll
Aim: a gnoll, wielding a +1 spear of venom (chance to affect: 50%)
The gnoll looks drowsy...
* * * LOW HITPOINT WARNING * * *
You feel very sick. ๐Ÿ˜ฑ HP[-2] MP[-2]
You take 2 damage, and now have 3/26 hp.
You lost 2 mp, and now have 11/15 mp.
The helpless gnoll fails to defend itself.
You puncture the gnoll!
You kill the gnoll!
* * * LOW HITPOINT WARNING * * *
You feel sick. ๐Ÿ˜ฑ HP[-1]
You take 1 damage, and now have 2/26 hp.
Unknown command.
There is a lethal amount of poison in your body!
Okay, then.
Okay, then.
Okay, then.
* * * LOW HITPOINT WARNING * * *
You feel sick. ๐Ÿ˜ฑ HP[-1]
You take 1 damage, and now have 1/26 hp.
You die...

Skill      XL: |  1  2  3 |
---------------+----------+-----
Short Blades   | 1 |  1.8
Stealth        | 3 |  3.0
Dodging        | |  1.7
Spellcasting   | |  2.2
Hexes          | |  3.5
Ice Magic      | |  0.3

Action                     || total
---------------------------++-------
  Melee: Dagger            ||   126
   Cast: Ensorcelled Hiber ||     2
   Stab: Sleeping          ||     9
 Armour: Robe              ||    50
  Dodge: Dodged            ||    76

Levels and vault maps discovered:
D:1:      lemuel_arrival_tunnels, layout_loops_ring
D:2:      layout_rooms, hangedman_abyss_or_decor_lesser_grid,
          kennysheep_generic_room_8

Notes
Turn   | Place    | Note
-------+----------+-------------------------------------------
     0 | D:1      | kae the Demonspawn Enchanter began the quest for the Orb.
     0 | D:1      | Reached XP level 1. HP: 13/13 MP: 3/3
     0 | D:1      | magus.rc [v1.11.3]
   100 | D:1      | Reached skill level 1 in Short Blades
   147 | D:1      | Gained mutation: You have sharp fingernails. [demonic
                  | ancestry]
   147 | D:1      | Reached XP level 2. HP: 17/19 MP: 5/5
   233 | D:1      | Learned a level 2 spell: Ensorcelled Hibernation
   716 | D:1      | Gained mutation: You have very sharp fingernails. [demonic
                  | ancestry]
   716 | D:1      | Reached XP level 3. HP: 24/24 MP: 6/6
   720 | D:1      | Learned a level 3 spell: Confusing Touch
  1099 | D:2      | Found the ring of the Octopus King
  1117 | D:2      | Reached skill level 3 in Stealth
  1118 | D:2      | Identified a ring of the Octopus King {HP+2 MP+9 AC+2 EV+2
                  | SH+2}
  1248 | D:1      | HP: 5/26 [poisoned by a gnoll]
  1250 | D:1      | HP: 2/26 [poisoned by a gnoll]
  1252 | D:1      | Succumbed to a gnoll's poison

Vanquished Creatures
  A gnoll (D:1)
  2 dart slugs (D:1)
  3 bats (D:1)
  2 endoplasms (D:1)
  2 giant cockroaches (D:1)
  3 goblins (D:1)
  2 hobgoblins (D:1)
  4 quokkas (D:1)
  6 ball pythons (D:1)
  A frilled lizard (D:2)
  3 kobolds (D:1)
  A rat (D:1)
30 creatures vanquished.

Table legend:
 A = Non-vault XP
 B = Vault XP
 C = Vault XP percentage of total XP
 D = Non-vault monster count
 E = Vault monster count
 F = Vault count percentage of total count
                 A         B        C        D         E       F
            +---------+---------+-------+---------+---------+-------
      Total |      68 |       0 |   0.0 |      30 |       0 |   0.0
            +---------+---------+-------+---------+---------+-------
        D:1 |      67 |       0 |   0.0 |      29 |       0 |   0.0
        D:2 |       1 |       0 |   0.0 |       1 |       0 |   0.0
            +---------+---------+-------+---------+---------+-------

Skill      XL: |  1  2  3 |
---------------+----------+-----
Short Blades   | 1 |  1.8
Stealth        | 3 |  3.0
Dodging        | |  1.7
Spellcasting   | |  2.2
Hexes          | |  3.5
Ice Magic      | |  0.3

Action                     || total
---------------------------++-------
  Melee: Dagger            ||   126
   Cast: Ensorcelled Hiber ||     2
   Stab: Sleeping          ||     9
 Armour: Robe              ||    50
  Dodge: Dodged            ||    76

Illustrated notes

Table legend:
 A = Kills in this place as a percentage of kills in the entire game.
 B = Kills by you in this place as a percentage of kills by you in the entire game.
 C = Kills by friends in this place as a percentage of kills by friends in the entire game.
 D = Other kills in this place as a percentage of other kills in the entire game.
 E = Experience gained in this place as a percentage of experience gained in the entire game.
 F = Experience gained in this place divided by the number of levels of this place that you have seen.
                   A       B       C       D       E      F
               +-------+-------+-------+-------+-------+----------------------
         Total | 100.0 | 100.0 |   N/A |   N/A | 100.0 |  34.0
       Dungeon | 100.0 | 100.0 |   N/A |   N/A | 100.0 |  34.0
               +-------+-------+-------+-------+-------+----------------------

Table legend: (Time is in decaauts)
 A = Elapsed time spent in this place.
 B = Non-inter-level travel time spent in this place.
 C = Inter-level travel time spent in this place.
 D = Time resting spent in this place.
 E = Time spent auto-exploring this place.
 F = Levels seen in this place.
 G = Mean time per level.
                   A        B        C        D        E       F      G
               +--------+--------+--------+--------+--------+-----+--------+
         Total |   1242 |   1180 |     62 |      4 |    924 |   2 |  621.0 |
       Dungeon |   1242 |   1180 |     62 |      4 |    924 |   2 |  621.0 |
               +--------+--------+--------+--------+--------+-----+--------+

Top non-repeatable levels by time:
     D:1: 1095 daAuts
     D:2: 146 daAuts
